 Dungeon Crawl Stone Soup version 0.22.1-1-ga44c0e5 (webtiles) character file.

2280 Jawreze the Basher (level 9, -7/88 HPs)
             Began as an Ogre Hunter on Nov 5, 2018.
             Was a Priest of Okawaru.
             Killed by divine providence
             ... invoked by an orc priest
              (9 damage)
             ... on level 7 of the Dungeon.
             The game lasted 00:36:35 (11690 turns).

Jawreze the Basher (Ogre Hunter)                   Turns: 11690, Time: 00:36:36

Health: -7/88      AC:  3    Str: 17 (19) XL:     9   Next: 39%
Magic:  9/9        EV: 11    Int: 10 (13) God:    Okawaru [***...]
Gold:   281        SH:  0    Dex:  7 (10) Spells: 8/8 levels left

rFire    . . .     SeeInvis .   i - +2 dire flail (protect)
rCold    . . .     Gourm    .   (shield currently unavailable)
rNeg     . . .     Faith    .   b - +0 robe
rPois    .         Spirit   .   (helmet restricted)
rElec    .         Reflect  .   p - scarf {repulsion}
rCorr    .         Harm     .   (gloves unavailable)
MR       .....                  (boots unavailable)
Stlth    +.........             (no amulet)
HPRegen  0.24/turn              (no ring)
MPRegen  0.11/turn              (no ring)

@: repel missiles
A: large, unfitting armour, tough skin 1
a: Heroism, Renounce Religion


You were on level 7 of the Dungeon.
You worshipped Okawaru.
Okawaru was most pleased with you.
You were not hungry.

You visited 2 branches of the dungeon, and saw 9 of its levels.

You collected 281 gold pieces.

Inventory:

Hand Weapons
 a - a +0 giant club
 i - a +2 dire flail of protection (weapon)
 w - a +0 hunting sling
 y - a +0 blowgun
 D - a +0 flail of protection
Missiles
 x - 76 sling bullets
 A - 7 poisoned needles
Armour
 b - a +0 robe (worn)
 p - a scarf of repulsion (worn)
 s - a scarf of repulsion
Jewellery
 e - an uncursed ring of protection from magic {unknown}
 k - a +4 ring of evasion {unknown}
 l - an uncursed ring of protection from magic {unknown}
 n - an uncursed ring of wizardry {unknown}
 I - an uncursed ring of see invisible {unknown}
 J - a +2 ring of strength {unknown}
Wands
 d - a wand of acid (6)
Scrolls
 g - 7 scrolls of remove curse
 h - 2 scrolls of fear {unknown}
 r - a scroll of teleportation {unknown}
 t - a scroll of random uselessness
 v - 2 scrolls of identify
 z - a scroll of immolation {unknown}
 B - 2 scrolls of fog {unknown}
 C - a scroll of noise {unknown}
 E - 2 scrolls of magic mapping {unknown}
 G - a scroll of enchant weapon {unknown}
Potions
 j - a potion of flight
 m - 2 potions of lignification
 o - a potion of mutation {unknown}
 q - a potion of degeneration
 u - a potion of curing {unknown}
 F - a potion of haste {unknown}
 H - a potion of magic {unknown}
Comestibles
 f - 9 rations
 L - 6 chunks of flesh


   Skills:
 - Level 5.0 Fighting
 * Level 8.8 Maces & Flails
 - Level 6.0 Throwing
 - Level 5.0 Dodging
 - Level 0.6 Stealth


You had 8 spell levels left.
You didn't know any spells.
Your spell library contained the following spells:

 Spells                   Type           Power        Failure   Level  Hunger
 Corona                   Hex            #......      36%         1    ##.....
 Slow                     Hex            #.......     50%         2    ###....
 Inner Flame              Hex/Fire       #.......     75%         3    ####...
 Portal Projectile        Hex/Tloc       #.....       75%         3    ####...
 Cause Fear               Hex            #.........   98%         4    #####..
 Leda's Liquefaction      Hex/Erth       #.........   98%         4    #####..


Dungeon Overview and Level Annotations

Branches:
Dungeon (8/15)             Temple (1/1) D:4
   Lair: D:8-11

Altars:
Ashenzari
Cheibriados
Dithmenos
Fedhas
Gozag
Hepliaklqana
Kikubaaqudgha
Makhleb
Nemelex Xobeh
Okawaru
Qazlal
Ru
Sif Muna
Trog
Vehumet
Wu Jian
Xom
Yredelemnul
Zin
The Shining One

Shops:
D:5 (

Annotations:
D:2 1 runed door, exclusion: downstairs
D:3 exclusion: adder
D:4 exclusion: downstairs
D:5 Dowan, Duvessa
D:6 exclusion: downstairs
D:7 exclusion: ice beast


Innate Abilities, Weirdness & Mutations

You are too large for most types of armour.
You have tough skin. (AC +1)


Message History

It was a scroll of random uselessness.
The hound barely misses you.
The orc priest mumbles some strange prayers to Beogh against you.
Pain shoots through your body!
* * * LOW HITPOINT WARNING * * *
The orc warrior barely misses you.
Okay, then.
It was a potion of degeneration.
There was something very wrong with that liquid.
You feel weakened.
You feel dopey.
You feel clumsy. The hound bites you but does no damage.
The orc priest hits you with a flail.
* * * LOW HITPOINT WARNING * * *
The hound bites you but does no damage.
As you read the scroll labeled UTZEIF VUESHI, it crumbles to dust.
It is a scroll of identify.
j - a potion of flight The orc warrior barely misses you.
The hound misses you.
An orc wizard comes into view. It is wielding a dagger.
The orc priest mumbles some strange prayers to Beogh against you.
Beogh smites you!
You die...

########## #........#
########### #.######.####
#(o...(o..# #.# #.....
#.#######@## #.# #.#### #.#
#ho# #[# #.# ####># #..# #.#
#.# #....# #..# #.# #.####
#.##o# #..# #.# #..... #.##.#
#..###.# #.####
#.#..#######....#.######.##..
#.#..........#...#..........#
#.#.##########.##.#####..####


You could see an orc warrior, a hound, an orc priest and an orc wizard
(wandering).

Vanquished Creatures
  2 hippogriffs
  Edmund (D:5)
  A phantom (D:6)
  A hornet zombie (D:8)
  An ogre (D:7)
  A centaur (D:7)
  A bullfrog (D:7)
  A gnoll sergeant (D:4)
  3 scorpions
  A water moccasin skeleton (D:8)
  3 wights (D:7)
  2 howler monkeys
  2 crimson imps
  3 hounds
  A bullfrog zombie (D:8)
  2 jellies
  5 orc wizards
  A bullfrog skeleton (D:8)
  4 orc priests
  A centaur skeleton (D:6)
  Jessica (D:2)
  2 iguanas
  3 worker ants
  6 adders
  5 gnolls
  An ooze (D:6)
  An adder skeleton (D:6)
  6 worms
  A dart slug (D:3)
  2 leopard geckos
  16 orcs
  A ball python (D:1)
  7 giant cockroaches
  7 goblins
  10 hobgoblins
  14 jackals
  5 kobolds
  4 quokkas
  8 bats
  4 frilled lizards
  2 jackal skeletons (D:4)
  A leopard gecko skeleton (D:6)
  A leopard gecko zombie (D:5)
  A quokka skeleton (D:5)
  5 rats
151 creatures vanquished.

Vanquished Creatures (others)
  A goblin (D:3)
  A bat (D:3)
  A kobold (D:3)
  A bush (D:7)
4 creatures vanquished.

Grand Total: 155 creatures vanquished

Notes
Turn   | Place    | Note
-------+----------+-------------------------------------------
     0 | D:1      | Jawreze the Ogre Hunter began the quest for the Orb.
     0 | D:1      | Reached XP level 1. HP: 22/22 MP: 1/1
   489 | D:1      | Reached XP level 2. HP: 29/29 MP: 2/2
  1013 | D:1      | Reached XP level 3. HP: 24/37 MP: 3/3
  1861 | D:2      | Found a radiant altar of Vehumet.
  1871 | D:2      | Noticed Jessica
  1875 | D:2      | Killed Jessica
  1875 | D:2      | Reached skill level 1 in Maces & Flails
  1875 | D:2      | Reached XP level 4. HP: 45/45 MP: 4/4
  2156 | D:2      | Found a runed door.
  2517 | D:3      | HP: 3/72 [poisoned by an adder]
  2525 | D:3      | HP: 3/72 [poisoned by an adder]
  3049 | D:3      | Reached XP level 5. HP: 7/54 MP: 5/5
  3702 | D:3      | Reached skill level 2 in Maces & Flails
  4384 | D:4      | Found a staircase to the Ecumenical Temple.
  4414 | Temple   | Entered the Ecumenical Temple
  4503 | Temple   | Became a worshipper of Warmaster Okawaru
  4750 | D:4      | Reached skill level 5 in Throwing
  4750 | D:4      | Reached XP level 6. HP: 52/63 MP: 6/6
  5571 | D:4      | Reached skill level 3 in Maces & Flails
  5832 | D:4      | Found a sacrificial altar of Ru.
  5844 | D:4      | Found a stormy altar of Qazlal.
  6114 | D:5      | Entered Level 5 of the Dungeon
  6199 | D:5      | Reached skill level 5 in Fighting
  6199 | D:5      | Reached XP level 7. HP: 63/72 MP: 7/7
  6631 | D:5      | Reached * piety under Okawaru
  6920 | D:5      | Found a hazy altar of Hepliaklqana.
  6939 | D:5      | Found Plog's Weapon Shoppe.
  7163 | D:5      | Noticed Duvessa
  7163 | D:5      | Noticed Dowan
  7264 | D:5      | Noticed Edmund
  7723 | D:5      | Killed Edmund
  7723 | D:5      | Reached skill level 4 in Maces & Flails
  8563 | D:6      | Reached XP level 8. HP: 70/80 MP: 8/8
  8660 | D:6      | Reached skill level 5 in Maces & Flails
  8895 | D:6      | Reached ** piety under Okawaru
  9755 | D:7      | Reached skill level 6 in Maces & Flails
 10011 | D:7      | Reached skill level 5 in Dodging
 10076 | D:7      | Found a blossoming altar of Fedhas.
 10469 | D:7      | Reached skill level 7 in Maces & Flails
 10815 | D:8      | Reached XP level 9. HP: 50/88 MP: 9/9
 11041 | D:8      | Reached skill level 8 in Maces & Flails
 11552 | D:7      | Reached *** piety under Okawaru
 11689 | D:7      | HP: 2/88 [orc priest/flail (4)]
 11690 | D:7      | Killed from afar by an orc priest

Skill      XL: |  1  2  3  4  5  6  7  8  9 |
---------------+----------------------------+-----
Fighting       | 3 4 5 |  5.0
Dodging        | 2 3 4 5 |  5.0
Maces & Flails | 1 2 3 4 7 8 |  8.8
Throwing       | 5 6 |  6.0
Stealth        | |  0.6

Action                   |  1- 3 |  4- 6 |  7- 9 || total
-------------------------+-------+-------+-------++-------
Melee: Short sword       |   135 |       |       ||   135
       Mace              |       |   169 |       ||   169
       Flail             |       |    60 |    80 ||   140
       Dire flail        |       |       |   235 ||   235
 Fire: Hunting sling     |       |     5 |       ||     5
       Blowgun           |       |       |     9 ||     9
Throw: Large rock        |     4 |    11 |     7 ||    22
       Throwing net      |       |     2 |       ||     2
       Tomahawk          |       |       |     3 ||     3
Invok: Heroism           |       |       |     1 ||     1
  Use: Potion            |       |     1 |     1 ||     2
       Scroll            |       |       |     3 ||     3
 Stab: Sleeping          |     1 |     1 |     1 ||     3
       Held in net/web   |       |     1 |       ||     1
  Eat: Chunk             |     1 |     9 |    13 ||    23
       Ration            |     1 |     1 |     2 ||     4
Armor: Robe              |    44 |    67 |    89 ||   200
       Skin              |       |    18 |       ||    18
Dodge: Dodged            |    79 |   149 |   175 ||   403
       Deflected         |       |       |     3 ||     3
